Map: Catalyst LE

Players

TRUE

  • Race: Zerg Zerg
  • Spawn Location: 5:00

ShoWTimE - Winner!

  • Race: Protoss Protoss
  • Spawn Location: 11:00

Event: WCS Leipzig 2018

VOD

Have the link to the VOD?

Description

Time

  • Played on: Jan. 27, 2018, 11:34 a.m.
  • Length: 8:30

All games in this series

Show
View Real Time Build Order
Export as new Build Order

TRUE Zerg 

Build Orders: Hatch First 

Get SALT Encoding   

  12  0:01  Drone  
  13  0:12  Overlord  
  13  0:18  Drone  
  14  0:30  Drone  
  15  0:45  Hatchery  
  15  0:48  Drone  
  15  0:52  Drone  
  16  0:59  Drone  
  17  1:11  Spawning Pool  
  17  1:13  Extractor  
  17  1:16  Drone  
  16  1:20  Drone  
  16  1:24  Drone  
  18  1:34  Drone  
  19  1:43  Overlord  
  19  1:55  Drone  
  19  1:58  Queen  
  19  2:00  Queen  
  24  2:04  Zergling x2  
  24  2:07  Drone  
  26  2:10  Drone  
  27  2:17  Metabolic Boost  
  27  2:20  Drone  
  28  2:27  Drone x2  
  30  2:43  Hatchery  
  29  2:47  Zergling x2  
  29  2:48  Zergling x2  
  29  2:49  Zergling x2  
  32  2:55  Drone x2  
  34  2:58  Overlord  
  34  3:06  Queen  
  36  3:17  Drone x4  
  36  3:18  Drone  
  36  3:19  Drone  
  42  3:23  Drone  
  42  3:24  Drone  
  44  3:29  Overlord  
  44  3:33  Overlord  
  44  3:38  Overlord  
  44  3:51  Lair, Overlord  
  44  3:52  Drone  
  44  3:53  Drone x3  
  48  3:57  Drone x2  
  48  3:59  Drone  
  48  4:00  Drone  
  53  4:02  Drone  
  53  4:06  Spore Crawler  
  52  4:10  Drone x2  
  52  4:15  Drone x3, Extractor  
  56  4:17  Extractor  
  56  4:18  Drone  
  56  4:19  Drone  
  57  4:24  Drone  
  57  4:25  Drone x2  
  57  4:28  Drone  
  57  4:29  Drone  
  59  4:32  Drone  
  59  4:35  Drone  
  59  4:36  Drone  
  59  4:38  Drone  
  63  4:47  Zergling x2  
  63  4:48  Zergling x6, Queen  
  63  4:51  Hydralisk Den  
  68  4:54  Zergling x4  
  68  4:57  Zergling x2  
  71  5:00  Zergling x2  
  71  5:01  Overlord  
  71  5:02  Zergling x4  
  74  5:07  Overlord  
  74  5:21  Hydralisk x4, Muscular Augments  
  74  5:23  Overlord  
  74  5:25  Zergling x4  
  74  5:26  Zergling x2  
  74  5:28  Zergling x4  
  87  5:30  Hydralisk  
  89  5:35  Overlord  
  89  5:36  Zergling x2  
  89  5:38  Overlord  
  89  5:40  Overlord  
  89  5:41  Hydralisk  
  92  5:44  Hydralisk  
  92  5:47  Hydralisk  
  94  5:50  Hydralisk  
  94  5:57  Hydralisk  
  96  6:01  Zergling x16  
  96  6:04  Hydralisk  
  106  6:09  Hydralisk  
  110  6:12  Overlord  
  110  6:13  Extractor  
  110  6:16  Hydralisk  
  111  6:21  Hydralisk  
  113  6:27  Hydralisk  
  115  6:34  Overlord  
  115  6:35  Hydralisk  
  117  6:40  Extractor x2  
  117  6:42  Drone x10  
  117  6:43  Drone x2  
  126  6:50  Spine Crawler, Hydralisk  
  126  6:51  Spine Crawler  
  126  6:53  Hydralisk x2  
  130  6:56  Hydralisk  
  130  6:57  Zergling x2  
  130  6:59  Zergling x2  
  133  7:02  Hydralisk  
  133  7:04  Hydralisk  
  136  7:09  Drone  
  136  7:11  Overlord  
  136  7:12  Hydralisk  
  136  7:14  Hydralisk  
  135  7:16  Hydralisk  
  135  7:20  Overlord  
  135  7:22  Overlord  
  137  7:29  Hydralisk x3  
  138  7:32  Hydralisk  
  144  7:38  Hydralisk, Overlord  
  144  7:39  Hydralisk  
  144  7:43  Hydralisk  
  117  7:53  Zergling x14  
  117  7:54  Zergling x4  
  117  7:56  Hydralisk  
  108  7:58  Hydralisk  
  108  8:01  Hydralisk  
  108  8:04  Hydralisk  
Show
View Real Time Build Order
Export as new Build Order

ShoWTimE Protoss - Winner!

Build Orders: 1 Gate Expand, Oracle Opening, Phoenix Opening 

Get SALT Encoding   

  12  0:00  Probe  
  13  0:12  Probe  
  14  0:19  Pylon  
  14  0:24  Probe  
  15  0:37  Probe (Chrono Boost)  
  16  0:45  Gateway  
  16  0:47  Probe (Chrono Boost), Assimilator  
  17  0:51  Probe (Chrono Boost)  
  18  1:03  Probe  
  19  1:15  Probe  
  20  1:26  Nexus  
  20  1:37  Cybernetics Core  
  20  1:41  Probe  
  20  1:45  Assimilator  
  21  1:53  Probe  
  22  1:54  Pylon  
  22  2:05  Probe  
  23  2:11  Adept (Chrono Boost)  
  25  2:17  Probe  
  25  2:18  Stargate  
  26  2:25  Warp Gate  
  27  2:30  Probe (Chrono Boost)  
  27  2:33  Stalker  
  29  2:38  Probe (Chrono Boost)  
  31  2:47  Probe x2 (Chrono Boost)  
  32  2:52  Probe (Chrono Boost)  
  32  2:53  Probe  
  34  3:01  Phoenix (Chrono Boost)  
  34  3:04  Probe  
  38  3:05  Probe  
  38  3:16  Probe  
  38  3:17  Probe, Gateway  
  40  3:22  Gateway  
  40  3:26  Oracle (Chrono Boost)  
  40  3:28  Probe  
  40  3:32  Probe  
  45  3:36  Pylon  
  45  3:41  Probe  
  45  3:43  Pylon  
  46  3:54  Probe x2  
  46  3:55  Twilight Council  
  48  4:01  Adept  
  50  4:03  Adept  
  50  4:06  Probe, Pylon  
  50  4:09  Adept, Probe  
  56  4:14  Assimilator  
  56  4:17  Assimilator  
  56  4:18  Probe  
  56  4:21  Probe  
  58  4:24  Resonating Glaives (Chrono Boost)  
  58  4:30  Probe  
  59  4:33  Probe  
  60  4:40  Adept x2  
  60  4:43  Probe, Adept  
  67  4:46  Pylon  
  67  4:54  Robotics Facility  
  67  4:55  Pylon  
  67  5:01  Adept  
  69  5:07  Adept x2  
  69  5:09  Pylon  
  73  5:17  Nexus  
  73  5:27  Adept x2  
  73  5:28  Adept  
  79  5:31  Pylon  
  79  5:47  Gateway  
  79  5:49  Gateway  
  79  5:53  Sentry  
  79  5:54  Sentry x2  
  79  5:56  Immortal (Chrono Boost)  
  85  6:03  Gateway  
  89  6:04  Gateway  
  89  6:07  Shield Battery  
  89  6:11  Gateway  
  89  6:16  Shield Battery  
  89  6:21  Sentry x3  
  89  6:25  Warp Prism (Chrono Boost)  
  97  6:34  Pylon  
  97  6:49  Adept x5  
  108  6:54  Observer, Pylon  
  108  7:00  Adept  
  110  7:10  Adept x4  
  110  7:11  Adept  
  118  7:20  Adept x3  
  124  7:24  Pylon  
  124  7:31  Adept x3  
  124  7:32  Adept  
  124  7:35  Pylon  
  124  7:53  Adept x6  
  124  8:04  Adept x2  
  126  8:19  Adept x5  
  118  8:20  Adept  
  118  8:26  Adept x2  
Tags
 
Add a new tag
Caveats
  • Supply blocks, unpowered buildings, or Contaminate may cause inaccurate times.
  • Supply counts are checked every 10 seconds.